 Dungeon Crawl Stone Soup version 0.29-a0-925-g0a7a3d12f8 (webtiles) character file.

Game seed: 354975377284789467

4917 reriks the Ogre Mage (level 10, -2/89 HPs)
             Began as an Ogre Fire Elementalist on July 30, 2022.
             Succumbed to a killer bee's poison
             ... on level 9 of the Dungeon.
             The game lasted 00:25:09 (17344 turns).

reriks the Ogre Mage (Ogre Fire Elementalist)      Turns: 17344, Time: 00:25:10

Health: -2/89      AC:  4    Str: 14    XL:     10   Next: 51%
Magic:  13/22      EV: 15    Int: 20    God:
Gold:   478        SH:  0    Dex:  9    Spells: 16/26 levels left

rFire   + + .      SeeInvis .   P - +7 mace (freeze)
rCold   . . .      Faith    +   (no shield)
rNeg    . . .      Spirit   .   a - +1 robe
rPois   .          Reflect  .   (helmet restricted)
rElec   .          Harm     .   s - scarf {rC+ rF+}
rCorr   .          Rampage  .   (gloves unavailable)
Will    +....                   (boots unavailable)
Stlth   ++........              c - amulet of faith
HPRegen 0.24/turn               u - ring of fire
MPRegen 0.18/turn               i - +4 ring of evasion

@: lethally poisoned (-2 -> -28)
A: large, unfitting armour, tough skin 1, mutation resistance 1, robust 1
a: no special abilities


You were on level 9 of the Dungeon.
You visited 2 branches of the dungeon, and saw 10 of its levels.

You collected 478 gold pieces.

Inventory:

Hand Weapons
 l - a +0 mace
 M - a +4 flail
 P - a +7 mace of freezing (weapon)
Armour
 a - a +1 robe (worn)
 k - a +0 cloak
 s - a scarf of resistance (worn)
Magical Staves
 o - a staff of death
Jewellery
 c - an amulet of faith (around neck)
 i - a +4 ring of evasion (right hand)
 p - a ring of wizardry
 r - a ring of willpower
 u - a ring of fire (left hand)
 v - the ring of Woggamiy {Ice rElec Str+5 Int-5 SInv}
   (You found it on level 3 of the Dungeon)

   [ring of ice]

   It enhances your ice magic.
   Str:       It affects your strength (+5).
   Int:       It affects your intelligence (-5).
   rF:        It makes you vulnerable to fire.
   rC:        It protects you from cold.
   rElec:     It insulates you from electricity.
   SInv:      It lets you see invisible.
 J - a ring of resist corrosion
 N - a ring of protection from cold
 O - a ring of see invisible
Wands
 G - a wand of roots (11)
 R - a wand of flame (20)
Scrolls
 e - a scroll of torment
 f - 3 scrolls of butterflies
 m - a scroll of vulnerability
 n - 5 scrolls of teleportation
 C - 2 scrolls of poison
 E - a scroll of amnesia
Potions
 b - a potion of magic
 d - a potion of lignification
 h - a potion of mutation
 j - a potion of haste
 q - a potion of ambrosia {unknown}
 t - 2 potions of might
 w - 2 potions of curing
 x - 2 potions of brilliance {unknown}
 B - 2 potions of degeneration {unknown}
 D - 3 potions of invisibility
 L - 2 potions of flight {unknown}
 Q - a potion of heal wounds {unknown}
 T - a potion of berserk rage {unknown}


   Skills:
 + Level 7.1 Dodging
 - Level 2.1 Stealth
 + Level 8.7 Spellcasting
 + Level 6.9 Conjurations
 + Level 7.4 Fire Magic


You had 16 spell levels left.
You knew the following spells:

 Your Spells              Type           Power      Damage    Failure   Level
a - Foxfire               Conj/Fire      100%       2x1d9     1%          1
b - Scorch                Fire           100%       2d10      1%          2
c - Conjure Flame         Conj/Fire      54%        6-21      1%          3
d - Flame Wave            Conj/Fire      54%        2d13      4%          4

Your spell library contained the following spells:

 Spells                   Type           Power      Damage    Failure   Level
 Static Discharge         Conj/Air       22%        3-6/arc   3%          2
 Inner Flame              Hex/Fire       35%        N/A       5%          3
 Summon Small Mammal      Summ           32%        N/A       8%          1
 Sublimation of Blood     Necr           8%         N/A       12%         2
 Call Canine Familiar     Summ           8%         N/A       24%         3
 Gell's Gravitas          Tloc           8%         N/A       24%         3
 Summon Guardian Golem    Hex/Summ       8%         N/A       24%         3
 Teleport Other           Tloc           8%         N/A       24%         3
 Irradiate                Conj/Tmut      11%        3d15      47%         5
 Lightning Bolt           Conj/Air       11%        1d24      47%         5
 Petrify                  Tmut/Erth      8%         N/A       61%         4
 Dispersal                Tloc           4%         N/A       100%        6
 Summon Cactus Giant      Summ           4%         N/A       100%        6
 Maxwell's Capacitive Co  Air            4%         ∞         100%        8


Dungeon Overview and Level Annotations

Branches:
Dungeon (9/15)             Temple (1/1) D:5
   Lair: D:8-11         Orc: D:9-12

Altars:
Ashenzari
Cheibriados
Dithmenos
Elyvilon
Fedhas
Gozag
Hepliaklqana
Makhleb
Nemelex Xobeh
Okawaru
Qazlal
Ru
Sif Muna
Trog
Uskayaw
Wu Jian
Xom
Yredelemnul
Zin
The Shining One

Shops:
D:2 !

Annotations:
D:4 1 runed translucent door, Grinder
D:6 2 runed translucent doors


Innate Abilities, Weirdness & Mutations

You are too large for most types of armour.
You have tough skin. (AC +1)
You are somewhat resistant to further mutation.
You are robust. (+10% HP)


Message History

Confirm with . or Enter, or press ? or * to list all spells.
You feel a surge of power!
Flames lash the killer bee.
The killer bee is lightly wounded.
The killer bee's fire resistance burns away.
You feel sick. The killer bee barely misses you. x2
The killer bee stings you. x2
You are more poisoned.
The killer bee poisons you!
You feel very sick. The killer bee stings you. x2
You are more poisoned.
The killer bee poisons you! The killer bee misses you. x2
Casting: Scorch (safe; 1% risk of failure)
Confirm with . or Enter, or press ? or * to list all spells.
You feel a surge of power!
Flames lash the killer bee.
The killer bee is burned terribly!
You kill the killer bee!
You feel very sick. The killer bee misses you. The killer bee stings you!
You are more poisoned.
The killer bee poisons you!
* * * LOW HITPOINT WARNING * * *
You feel very sick.
The killer bee is no longer more vulnerable to fire.
The killer bee completely misses you. The killer bee stings you.
* * * LOW HITPOINT WARNING * * *
Casting: Scorch (safe; 1% risk of failure)
Confirm with . or Enter, or press ? or * to list all spells.
You feel a surge of power!
Flames lash the killer bee.
The killer bee is severely wounded.
The killer bee's fire resistance burns away.
* * * LOW HITPOINT WARNING * * *
You feel very sick. The killer bee stings you!
* * * LOW HITPOINT WARNING * * *
The killer bee stings you.
* * * LOW HITPOINT WARNING * * *
You are more poisoned.
The killer bee poisons you!
You die...

## # ##.##.#
##...#.#
##......###
.....$....
......#
##.###...#.##
#....y@.....#
#..#######....
.


You could see a killer bee (combustible).

Vanquished Creatures
  A tengu warrior (D:9)
  3 dream sheep (D:7)
  Prince Ribbit (D:5)
  A slime creature (D:8)
  2 wyverns
  A black bear (D:7)
  4 water moccasins
  An orc warrior (D:8)
  2 sky beasts (D:7)
  3 ice beasts
  An ogre (D:4)
  2 centaurs
  2 kobold brigands
  2 bullfrogs
  2 necrophages
  4 wights (D:7)
  7 killer bees
  6 howler monkeys
  A hound (D:6)
  5 jellies
  3 gnoll boudas
  5 iguanas
  2 orc wizards (D:8)
  9 gnolls
  6 adders
  3 white imps
  3 ufetubi
  3 worms (D:3)
  3 dart slugs
  9 orcs
  6 bats
  5 endoplasms
  3 giant cockroaches
  3 goblins
  3 hobgoblins
  5 quokkas
  6 ball pythons
  3 frilled lizards
  A jackal skeleton (D:4)
  17 kobolds
  4 rats
153 creatures vanquished.

Vanquished Creatures (others)
  327 foxfires
327 creatures vanquished.

Grand Total: 480 creatures vanquished

Notes
Turn   | Place    | Note
-------+----------+-------------------------------------------
     0 | D:1      | reriks the Ogre Fire Elementalist began the quest for the
                  | Orb.
     0 | D:1      | Reached XP level 1. HP: 16/16 MP: 3/3
    84 | D:1      | Reached skill level 1 in Conjurations
   337 | D:1      | Reached XP level 2. HP: 24/24 MP: 3/5
  1130 | D:2      | Reached XP level 3. HP: 31/31 MP: 2/7
  1224 | D:2      | Found a faded altar of an unknown god.
  1357 | D:2      | Found Suasat's Distillery.
  1779 | D:2      | Reached skill level 3 in Spellcasting
  2280 | D:3      | Learned a level 2 spell: Scorch
  2284 | D:3      | Learned a level 3 spell: Conjure Flame
  2530 | D:3      | Identified the ring of Woggamiy {Ice rElec Str+5 Int-5
                  | SInv}
  2759 | D:3      | Reached XP level 4. HP: 39/39 MP: 6/8
  3486 | D:4      | Reached XP level 5. HP: 40/45 MP: 7/10
  3595 | D:4      | Noticed an ogre
  3612 | D:4      | Killed an ogre
  3670 | D:4      | Found a sacrificial altar of Ru.
  3959 | D:4      | Found a runed translucent door.
  3959 | D:4      | Noticed a human
  4175 | D:4      | Found a basalt altar of Yredelemnul.
  4216 | D:4      | Noticed Grinder
  4385 | D:5      | Entered Level 5 of the Dungeon
  4570 | D:5      | Reached XP level 6. HP: 53/53 MP: 7/11
  5115 | D:5      | Found a staircase to the Ecumenical Temple.
  5122 | Temple   | Entered the Ecumenical Temple
  5209 | D:5      | Reached skill level 4 in Spellcasting
  5287 | D:5      | Noticed Prince Ribbit
  5299 | D:5      | Killed Prince Ribbit
  5300 | D:5      | Reached XP level 7. HP: 59/59 MP: 2/13
  5876 | D:5      | Found a snail-covered altar of Cheibriados.
  6984 | D:5      | Reached skill level 5 in Spellcasting
  7720 | D:5      | Reached XP level 8. HP: 18/67 MP: 7/15
  8383 | D:6      | Reached skill level 5 in Fire Magic
  9159 | D:6      | Reached skill level 6 in Spellcasting
  9724 | D:6      | Found a large runed translucent door.
  9725 | D:6      | Found a large runed translucent door.
 10119 | D:7      | Reached skill level 5 in Dodging
 10124 | D:7      | Reached XP level 9. HP: 74/74 MP: 4/18
 10854 | D:7      | Reached skill level 5 in Conjurations
 11964 | D:7      | Reached skill level 7 in Spellcasting
 12391 | D:7      | Found an opulent altar of Gozag.
 12420 | D:7      | Found a white marble altar of Elyvilon.
 12454 | D:7      | Found a hide-covered altar of Uskayaw.
 13463 | D:8      | Reached XP level 10. HP: 64/81 MP: 14/21
 13569 | D:8      | Reached skill level 8 in Spellcasting
 13820 | D:8      | Learned a level 4 spell: Flame Wave
 15797 | D:9      | Noticed a kobold demonologist
 15869 | D:9      | Noticed a tengu warrior
 15870 | D:9      | Noticed a tengu warrior
 16092 | D:9      | Noticed a cyclops
 16093 | D:9      | Noticed a centaur warrior
 16463 | D:9      | Killed a tengu warrior
 17300 | D:8      | Gained mutation: You are robust. (+10% HP) [potion of
                  | mutation]
 17300 | D:8      | Gained mutation: You are somewhat resistant to further
                  | mutation. [potion of mutation]
 17343 | D:9      | HP: 3/89 [killer bee (2)]
 17344 | D:9      | Succumbed to a killer bee's poison

Illustrated notes

Levels and vault maps discovered:
D:1:      heliophobic_arrival_enchanted_forest, layout_basic,
          minmay_split_cup_large
D:2:      layout_basic, serial_shops, shop, shapermc_ecumenical_altar_pompeii
D:3:      layout_loops_cross
D:4:      layout_basic, dk_yredelemnul_ordeal, general_overflow_altar,
          sigmund_edmund_badplayer, uniq_grinder
D:5:      layout_basic, kennysheep_slug_shrine, minmay_temple_entry_offerings,
          uniq_prince_ribbit1
D:6:      layout_rooms, jmf_multi_god_temple2
D:7:      layout_basic, grunt_gozag_breadcrumbs,
          mainiacjoe_overflow_catch_the_wave, dreamdust_gnoll_shepherd
D:8:      layout_layer_cave
D:9:      minmay_diamond_stairs, layout_loops_ring, lair_entry_dummy,
          orc_0_dummy, enter_bailey_2
Temple:   nicolae_temple_ecumenical_triangle

Skill      XL: |  1  2  3  4  5  6  7  8  9 10 |
---------------+-------------------------------+-----
Conjurations   | 1 2 3 4 6 |  6.9
Dodging        | 2 3 4 5 6 7 |  7.1
Fire Magic     | 3 4 5 6 7 |  7.4
Spellcasting   | 3 4 5 6 7 8 |  8.7
Stealth        | 2 |  2.1

Action                   |  1- 3 |  4- 6 |  7- 9 | 10-12 || total
-------------------------+-------+-------+-------+-------++-------
Melee: Mace              |       |     1 |     4 |       ||     5
 Cast: Foxfire           |    54 |    63 |    72 |    17 ||   206
       Conjure Flame     |       |     3 |    25 |     6 ||    34
       Scorch            |       |     3 |   106 |    54 ||   163
  Use: Scroll            |       |     7 |     4 |    15 ||    26
       Potion            |       |       |       |     3 ||     3
Armor: Robe              |     8 |     5 |    13 |     8 ||    34
Dodge: Dodged            |    12 |     2 |    33 |    44 ||    91

Table legend: (Time is in decaauts)
 A = Elapsed time spent in this place.
 B = Non-inter-level travel time spent in this place.
 C = Inter-level travel time spent in this place.
 D = Time resting spent in this place.
 E = Time spent auto-exploring this place.
 F = Levels seen in this place.
 G = Mean time per level.
                   A        B        C        D        E       F      G
               +--------+--------+--------+--------+--------+-----+--------+
         Total |  17348 |  16732 |    616 |  10155 |   4672 |  10 | 1734.8 |
       Dungeon |  17293 |  16689 |    604 |  10155 |   4649 |   9 | 1921.4 |
        Temple |     54 |     42 |     12 |      0 |     23 |   1 |   54.0 |
               +--------+--------+--------+--------+--------+-----+--------+

Top non-repeatable levels by time:
     D:8: 3926 daAuts
     D:5: 3530 daAuts
     D:7: 3473 daAuts
     D:4: 1404 daAuts
     D:6: 1397 daAuts
     D:3: 1180 daAuts
     D:2: 1139 daAuts
     D:1: 1098 daAuts
     D:9: 143 daAuts
  Temple: 54 daAuts
